 Dungeon Crawl Stone Soup version 0.27-a0-1191-g601b473118 (webtiles) character file.

Game seed: 16890185920943961751

64 jasper the Magician (level 3, -2/24 HPs)
             Began as a Demonspawn Hedge Wizard on May 23, 2021.
             Slain by an orc
             ... wielding a +0 short sword
              (5 damage)
             ... on level 2 of the Dungeon.
             The game lasted 00:03:38 (2160 turns).

jasper the Magician (Demonspawn Hedge Wizard)       Turns: 2160, Time: 00:03:38

Health: -2/24      AC:  3    Str: 10    XL:     3   Next: 91%
Magic:  7/9        EV: 12    Int: 16    God:
Gold:   45         SH:  4    Dex: 12    Spells: 1/11 levels left

rFire    . . .     SeeInvis .   f - +0 hand axe (flame)
rCold    . . .     Faith    .   (no shield)
rNeg     . . .     Spirit   .   b - +0 robe
rPois    .         Reflect  .   c - +1 hat
rElec    .         Harm     .   (no cloak)
rCorr    .         Rampage  .   (no gloves)
Will     .....                  (no boots)
Stlth    ++........             (no amulet)
HPRegen  0.08/turn              (no ring)
MPRegen  0.11/turn              (no ring)

@: hasted, very quick
A: talons 1, large bone plates 1
a: no special abilities


You were on level 2 of the Dungeon.
You visited 1 branch of the dungeon, and saw 3 of its levels.

You collected 45 gold pieces.

Inventory:

Hand Weapons
 a - a +0 dagger
 f - a +0 hand axe of flaming (weapon)
Missiles
 h - 71 stones
Armour
 b - a +0 robe (worn)
 c - a +1 hat (worn)
Scrolls
 j - 2 scrolls of brand weapon
Potions
 g - a potion of might {unknown}
 i - a potion of heal wounds {unknown}


   Skills:
 - Level 1.7 Dodging
 - Level 1.7 Stealth
 + Level 4.6 Spellcasting
 - Level 1.0 Conjurations
 - Level 1.0 Summonings
 - Level 0.8 Translocations


You had one spell level left.
You knew the following spells:

 Your Spells              Type           Power      Damage    Failure   Level
a - Magic Dart            Conj           24%        1d4       11%         1
b - Call Imp              Summ           6%         N/A       16%         2
c - Blink                 Tloc           N/A        N/A       17%         2
d - Slow                  Hex            3%         N/A       24%         2
e - Conjure Flame         Conj/Fire      5%         6-21      36%         3

Your spell library contained the following spells:

 Spells                   Type           Power      Damage    Failure   Level
 Mephitic Cloud           Conj/Pois/Air  4%         N/A       38%         3


Dungeon Overview and Level Annotations

Branches:
Dungeon (3/15)

Altars:

Shops:
D:1 *


Innate Abilities, Weirdness & Mutations

You have sharp toenails.
You are partially covered in large bone plates. (SH +4)


Message History

Magic restored.
MP restored: 9 You climb downwards.
The adder bites you but does no damage. The orc barely misses you.
The rat bites you. The orc misses you. The adder bites you but does no damage.
There is a stone staircase leading up here.
You take 1 damage, and have 23/24 hp.
The orc hits you with a +0 short sword. The orc misses you.
The rat barely misses you. The adder barely misses you.
You climb upwards.
There is a stone staircase leading down here.
You take 2 damage, and have 21/24 hp.
Casting: Call Imp (safe; 16% risk of failure)
Confirm with . or Enter, or press ? or * to list all spells.
A beastly little devil appears in a puff of flame.
The adder closely misses you. You block the orc's attack.
The orc barely misses you. The rat closely misses you.
You now have 7/9 mp.
You hit the orc but do no damage. You hit the adder. You burn the adder.
You closely miss the rat. You hit the orc but do no damage.
The adder bites you. The orc hits you but does no damage.
The orc barely misses you. The rat barely misses you.
The adder barely misses you.
Your crimson imp hits the orc.
You take 3 damage, and have 18/24 hp.
You barely miss the orc. You closely miss the adder.
You hit the rat but do no damage. You completely miss the orc.
The orc hits you with a +0 short sword. The orc hits you with a +0 club.
You block the rat's attack. The adder barely misses you.
Your crimson imp blinks!
The orc hits you with a +0 club. The orc hits you with a +0 short sword.
* * * LOW HITPOINT WARNING * * *
The rat barely misses you. The adder bites you.
* * * LOW HITPOINT WARNING * * *
You take 14 damage, and have 4/24 hp.
MASSIVE DAMAGE!!
It was a potion of haste.
You feel yourself speed up.
Your crimson imp closely misses the adder.
The adder bites you.
* * * LOW HITPOINT WARNING * * *
The orc hits you with a +0 short sword.
You die...

.......# ##..#.# #..........#
######.# ##.#.# #####.########
#.##### #.#.# #####.........
#.#...###...# #........<####
###.#.#.......###...#######
##.#.#.#....#....'........#
###....#.##.#.#.ยง###...####.#
.........##.#.#ooS5'...# #.#
.........##.#.##@###...# #.#
.........##.#.##r# #...# #.#
.........+..#.##.# #...# #.#
.........####....# #...# #.#
###.........###### #...# #.#
#########.# #...# #.#
#....##### #...# #.#
#.###....# #...# #.# #.#
#.##.# ##### #.#


You could see an adder, 2 orcs, a rat and a friendly crimson imp (summoned).

Vanquished Creatures
  An orc priest (D:2)
  An adder (D:2)
  3 endoplasms
  5 giant cockroaches
  2 goblins (D:1)
  2 hobgoblins (D:1)
  4 jackals (D:1)
  2 quokkas
  3 ball pythons
  6 bats
  2 frilled lizards
  2 kobolds (D:1)
  2 rats
35 creatures vanquished.

Notes
Turn   | Place    | Note
-------+----------+-------------------------------------------
     0 | D:1      | jasper the Demonspawn Hedge Wizard began the quest for the
                  | Orb.
     0 | D:1      | Reached XP level 1. HP: 13/13 MP: 4/4
    27 | D:1      | Found Xetwosi's Assorted Antiques.
   461 | D:1      | Gained mutation: You have sharp toenails. [demonic
                  | ancestry]
   461 | D:1      | Reached XP level 2. HP: 12/19 MP: 0/6
   464 | D:1      | Learned a level 2 spell: Call Imp
   467 | D:1      | Learned a level 2 spell: Blink
   470 | D:1      | Learned a level 2 spell: Slow
  1074 | D:1      | Reached skill level 4 in Spellcasting
  1209 | D:1      | Gained mutation: You are partially covered in large bone
                  | plates. (SH +4) [demonic ancestry]
  1209 | D:1      | Reached XP level 3. HP: 24/24 MP: 3/8
  1213 | D:1      | Learned a level 3 spell: Conjure Flame
  2160 | D:2      | Slain by an orc

Illustrated notes

Levels and vault maps discovered:
D:1:      scummos_arrival_hexagon, layout_loops_ring, serial_shops,
          nicolae_shop_overgrown_old_shop
D:2:      layout_basic
D:3:      layout_rooms, lemuel_coloured_pillars_altar, uniq_grinder

Skill      XL: |  1  2 |
---------------+-------+-----
Spellcasting   | 4 |  4.6
Dodging        | |  1.7
Stealth        | |  1.7
Conjurations   | |  1.0
Summonings     | |  1.0
Translocations | |  0.8

Action                   || total
-------------------------++-------
Melee: Hand axe          ||    23
       Kick              ||     2
 Cast: Magic Dart        ||    87
       Call Imp          ||     3
  Use: Scroll            ||     3
       Potion            ||     1
 Stab: Distracted        ||     1
Armor: Robe              ||    10
Dodge: Dodged            ||    46
Block: Other             ||     2

Table legend: (Time is in decaauts)
 A = Elapsed time spent in this place.
 B = Non-inter-level travel time spent in this place.
 C = Inter-level travel time spent in this place.
 D = Time resting spent in this place.
 E = Time spent auto-exploring this place.
 F = Levels seen in this place.
 G = Mean time per level.
                   A        B        C        D        E       F      G
               +--------+--------+--------+--------+--------+-----+--------+
         Total |   2167 |   2140 |     27 |    225 |   1679 |   3 |  722.3 |
       Dungeon |   2167 |   2140 |     27 |    225 |   1679 |   3 |  722.3 |
               +--------+--------+--------+--------+--------+-----+--------+

Top non-repeatable levels by time:
     D:1: 1346 daAuts
     D:2: 817 daAuts
     D:3: 4 daAuts
